 Dungeon Crawl Stone Soup version 0.20-a0-151-g755e310 (webtiles) character file.

39 Faca the Shield-Bearer (level 3, -1/29 HPs)
             Began as a Formicid Fighter on Nov 22, 2016.
             Slain by a gnoll (3 damage)
             ... on level 2 of the Dungeon.
             The game lasted 00:04:41 (734 turns).

Faca the Shield-Bearer (Formicid Fighter)            Turns: 734, Time: 00:04:42

Health: -1/29      AC: 11    Str: 20    XL:     3   Next: 67%
Magic:  3/3        EV:  4    Int:  7    God:
Gold:   73         SH: 10    Dex: 11    Spells: 2/2 levels left

rFire  x . .     SeeInvis +     a - +1 war axe
rCold  + . .     Gourm    .     k - +0 plate armour
rNeg   . . .     Faith    .     c - +1 shield
rPois  .         Spirit   .     (helmet unavailable)
rElec  .         Reflect  .     (no cloak)
rCorr  .         Harm     .     (no gloves)
MR     .....                    (no boots)
Stlth  ..........               (no amulet)
                                (no ring)
                                j - ring of ice

@: no status effects
A: permanent stasis, dig shafts and tunnels, four strong arms, antennae 3
a: Dig, Shaft Self


You were on level 2 of the Dungeon.
You were not hungry.

You visited 1 branch of the dungeon, and saw 2 of its levels.

You collected 73 gold pieces.

Inventory:

Hand Weapons
 a - a +1 war axe (weapon)
Armour
 c - a +1 shield (worn)
 k - a +0 plate armour (worn)
Jewellery
 j - a ring of ice (left hand)
Potions
 d - 2 potions of might
 e - a potion of curing
 h - a potion of berserk rage {unknown}
 i - a potion of flight {unknown}
Comestibles
 f - a bread ration
 g - a meat ration


   Skills:
 + Level 3.5 Fighting
 + Level 2.5 Axes
 + Level 3.9 Armour
 + Level 0.1 Dodging
 + Level 4.0 Shields


You had 2 spell levels left.
You didn't know any spells.

Dungeon Overview and Level Annotations

Branches:
Dungeon (2/15)

Altars:
Xom


Innate Abilities, Weirdness & Mutations

You cannot be hasted, slowed, berserked, paralysed or teleported.
You can dig through walls and to a lower floor.
Your four strong arms can wield two-handed weapons with a shield.
You have a pair of large antennae on your head. (SInv)


Message History

The gnoll hits you but does no damage.
The gnoll hits you from afar with a spear.
Your shield and plate armour prevent you from hitting the gnoll.
The gnoll is severely wounded.
The gnoll hits you but does no damage. x2; You block the gnoll's attack. x2
The gnoll hits you but does no damage. x2
It was a potion of curing.
You feel better. You block the gnoll's attack. x2
The gnoll hits you but does no damage.
You slash the gnoll!
You kill the gnoll!
Your Shields skill increases to level 4!
You hit the gnoll but do no damage.
The gnoll hits you from afar with a halberd!
* * * LOW HITPOINT WARNING * * *
You block the gnoll's attack. The gnoll hits you but does no damage.
The gnoll barely misses you. You block the gnoll's attack.
The gnoll hits you from afar with a spear.
* * * LOW HITPOINT WARNING * * *
You closely miss the gnoll. You block the gnoll's attack. The gnoll hits you.
You die...

≈..#.............#
§§.#.............#
≈..##............#####
≈..##....#...........###.
§§.##....#...............
≈..##....##..............
...###### #..............
...#...####..............
#
####.....##.....@gg......
##..
..................g......
...
.........................
###.
...............####......
. ##... ...............#
...... #.#....
..............## ......
#.#.... #....####.....#
...... #....._ #....#
####### ...{ #.... #.†..#
# #....


You could see 3 gnolls.

Vanquished Creatures
  A gnoll (D:2)
  A dart slug (D:1)
  A leopard gecko (D:2)
  5 goblins (D:1)
  A hobgoblin (D:1)
  3 jackals (D:1)
  2 kobolds
  A quokka (D:2)
  2 bats
  4 frilled lizards
  6 rats
27 creatures vanquished.

Notes
Turn   | Place    | Note
-------+----------+-------------------------------------------
     0 | D:1      | Faca the Formicid Fighter began the quest for the Orb.
     0 | D:1      | Reached XP level 1. HP: 18/18 MP: 1/1
    58 | D:1      | Reached XP level 2. HP: 24/24 MP: 2/2
   278 | D:1      | Reached XP level 3. HP: 23/29 MP: 3/3
   401 | D:2      | Found a shimmering altar of Xom.
   732 | D:2      | Reached skill level 4 in Shields
   734 | D:2      | Slain by a gnoll

Vault maps used:
D:1:      grunt_arrival_crossed_arrows
D:2:      lemuel_upstairs_altar, old_standard_altar, nicolae_ru_awakened_eye,
          kennysheep_pointless_box

Skill      XL: |  1  2  3 |
---------------+----------+-----
Shields        | 4 |  4.0
Fighting       | |  3.5
Axes           | |  2.5
Armour         | |  3.9
Dodging        | |  0.1

Action                   || total
-------------------------++-------
Melee: War axe           ||    63
  Use: Scroll            ||     5
       Potion            ||     1
Armor: Scale mail        ||    16
       Plate armour      ||    10
Dodge: Dodged            ||    27
Block: Shield            ||    47
